AoeStats
← sebas4fr

Arena

509001511Analyzed
3v3 RM · 7d ago on Sep 25, 2026· 62m 33s· 6 players
Game mode
Random Map
Map size
Normal (6 player)
Population
200
Speed
Normal
Resources
Standard
Victory
Conquest
Starting age
Dark Age
Ending age
Imperial Age
RankedLock teamsTeams togetherTeam positionsShared explorationLock speedFull tech treeHidden civsTurbo modeCheats
Victory
Defeat
🇨🇦 Varangians · Canada
1056
+12
🇺🇸 Hindustanis · United States
1025
+13
🇦🇷 Vietnamese · Argentina
982
+15
🇭🇰 Danes · Hong Kong SAR China
991
-14
🇨🇳 Tatars · China
953
-13
🇦🇺 Japanese · Australia
950
-13
Journey
11:27 Feudal Age
13:05 Double-Bit Axe
15:27 Castle Age
13:51 Horse Collar
15:49 Loom
16:02 Town Watch
16:57 Wheelbarrow
18:04 Bow Saw
23:16 Scale Mail Armor
24:45 Squires
24:31 Arson
25:55 Forging
34:12 Gold Mining
34:43 Fletching
38:49 Heavy Plow
39:39 Chain Mail Armor
39:00 Elite Skirmisher
43:21 Imperial Age
42:27 Gold Shaft Mining
42:00 Bodkin Arrow
42:42 Ballistics
42:54 Gambesons
43:17 Padded Archer Armor
44:34 Conscription
44:58 Onager
47:02 Leather Archer Armor
47:10 Siege Engineers
49:29 Bracer
50:00 Ring Archer Armor
50:33 Chemistry
52:31 Siege Onager
52:36 Northmen's Fury
TheSpider007917
5:25 Loom
11:06 Feudal Age
12:01 Double-Bit Axe
12:50 Horse Collar
17:19 Castle Age
15:41 Arson
16:42 Stone Mining
18:25 Bow Saw
18:36 Squires
21:18 Fletching
20:52 Elite Skirmisher
22:28 Pikeman
23:21 Scale Mail Armor
25:07 Heavy Plow
25:38 Bodkin Arrow
27:38 Padded Archer Armor
28:45 Crossbowman
29:31 Thumb Ring
32:25 Wheelbarrow
31:35 Town Watch
32:04 Gold Mining
32:34 Chain Mail Armor
32:29 Forging
32:54 Gambesons
32:30 Man-at-Arms
34:03 Hand Cart
33:49 Town Patrol
36:32 Imperial Age
34:02 Long Swordsman
36:59 Yasama
37:28 Heavy Scorpion
38:33 Conscription
37:47 Two-Handed Swordsman
40:24 Hoardings
40:28 Fortified Wall
42:21 Bracer
43:29 Plate Mail Armor
43:48 Elite Samurai
46:03 Halberdier
47:36 Champion
49:14 Arbalester
50:20 Parthian Tactics
50:57 Gold Shaft Mining
51:00 Iron Casting
52:37 Chemistry
51:22 Arrowslits
51:38 Murder Holes
53:18 Kataparuto
60:46 Leather Archer Armor
62:49 Two-Man Saw
xxzxg_Nono
11:28 Feudal Age
15:27 Castle Age
13:51 Horse Collar
14:11 Double-Bit Axe
16:26 Heavy Plow
16:41 Bow Saw
19:18 Scale Barding Armor
25:21 Chain Barding Armor
27:23 Forging
28:18 Wheelbarrow
29:02 Iron Casting
33:01 Imperial Age
31:36 Padded Archer Armor
31:26 Fletching
31:45 Treadmill Crane
32:33 Ballistics
33:03 Hand Cart
32:51 Gold Mining
32:52 Stone Mining
33:08 Silk Armor
33:12 Bodkin Arrow
33:18 Elite Keshik
34:19 Conscription
34:36 Timurid Siegecraft
34:36 Caravan
35:25 Fervor
35:37 Heavy Cavalry Archer
37:34 Plate Barding Armor
40:15 Siege Engineers
41:11 Chemistry
41:45 Husbandry
41:56 Bloodlines
42:07 Bracer
45:16 Light Cavalry
47:03 Leather Archer Armor
46:18 Elite Steppe Lancer
55:50 Murder Holes
56:06 Fortified Wall
56:07 Masonry
56:45 Cavalier
57:01 Onager
59:09 Hussar
59:52 Scale Mail Armor
60:59 Blast Furnace
sebas4fr
3:22 Loom
11:24 Feudal Age
16:09 Castle Age
13:58 Double-Bit Axe
14:26 Horse Collar
16:18 Wheelbarrow
19:16 Bow Saw
19:52 Scale Mail Armor
20:02 Forging
21:17 Chain Mail Armor
21:11 Squires
26:56 Iron Casting
29:32 Town Watch
29:44 Gambesons
29:45 Arson
32:01 Fletching
32:11 Padded Archer Armor
33:07 Gold Mining
33:07 Stone Mining
37:06 Imperial Age
34:59 Hand Cart
34:59 Pikeman
37:26 Fortified Wall
36:58 Treadmill Crane
38:22 Conscription
37:23 Gothikon
37:25 Elite Varangian Guard
38:41 Plate Mail Armor
39:11 Blast Furnace
39:17 Blast Furnace
39:37 Elite Jarl
41:32 Two-Man Saw
41:06 Scale Barding Armor
40:27 Halberdier
41:27 Bloodlines
41:17 Husbandry
42:08 Chain Barding Armor
42:12 Heavy Plow
43:29 Stone Shaft Mining
44:37 Crop Rotation
44:51 Guilds
45:35 Bodkin Arrow
45:55 Leather Archer Armor
46:17 Plate Barding Armor
45:41 Bodkin Arrow
46:02 Leather Archer Armor
46:55 Chemistry
46:16 Ballistics
46:07 Masonry
48:20 Bracer
48:12 Heavy Mounted Crossbowman
48:13 Cranequins
49:28 Ring Archer Armor
51:45 Architecture
56:32 Capped Ram
57:53 Siege Ram
oogaboogawherdayat
11:10 Feudal Age
11:55 Loom
15:38 Castle Age
13:59 Double-Bit Axe
14:36 Horse Collar
17:21 Bow Saw
20:35 Wheelbarrow
27:09 Imperial Age
26:09 Fortified Wall
26:14 Town Watch
27:14 Heavy Camel Rider
29:03 Fletching
29:19 Scale Barding Armor
32:33 Hand Cart
35:09 Heavy Plow
36:40 Imperial Camel Rider
37:30 Bloodlines
38:53 Two-Man Saw
38:44 Husbandry
39:56 Ballistics
40:38 Masonry
44:28 Chemistry
44:13 Bodkin Arrow
44:38 Chain Barding Armor
44:29 Forging
44:58 Padded Archer Armor
45:00 Bracer
48:24 Leather Archer Armor
49:48 Plate Barding Armor
49:37 Conscription
50:45 Shatagni
51:01 Siege Engineers
56:12 Ring Archer Armor
60:11 Hoardings
PushySpoon29648
10:27 Feudal Age
11:24 Double-Bit Axe
17:18 Castle Age
17:18 Horse Collar
23:41 Fletching
23:51 Padded Archer Armor
25:54 Crossbowman
36:59 Gold Mining
36:59 Stone Mining
37:21 Bow Saw
37:16 Heavy Plow
37:53 Ballistics
38:18 Wheelbarrow
40:25 Imperial Age
37:32 Elite Skirmisher
38:46 Thumb Ring
39:52 Hand Cart
39:25 Loom
40:00 Caravan
42:27 Crop Rotation
41:59 Onager
42:39 Bodkin Arrow
43:00 Leather Archer Armor
42:30 Arbalester
42:41 Imperial Skirmisher
45:12 Chemistry
46:43 Paper Money
55:54 Bracer
56:24 Ring Archer Armor
Connection lost

Rejoining the realm…

Still unreachable

The connection could not be restored.

Session expired

The server has moved on; the page needs a fresh start.